[ PARTIDA AOE2 · #506326740 ]
UnrankedEspañoles vs Maya
Equipo del jugador · VICT
Equipo rival · DERR
[ ANÁLISIS DE REPETICIÓN · EXTRAÍDO DE LA PARTIDA GRABADA ]
Feudal
11:44
Castillos
18:37
Imperial
43:47
| APM promedio | 44.4 |
| APM pico | 84 |
| eAPM promedio | 23.2 |
| Aldeanos / militares | 116 / 115 |
Foco
⚔️ 21.0% · 🌾 79.0%
Knight ×42 · Conquistador ×35 · Scout Cavalry ×15 · Battering Ram ×7 · Trebuchet (Packed) ×5 · Mangonel ×4
Feudal
10:42
Castillos
23:23
Imperial
51:35
| APM promedio | 42.9 |
| APM pico | 82 |
| eAPM promedio | 25.0 |
| Aldeanos / militares | 164 / 200 |
Foco
⚔️ 36.5% · 🌾 63.5%
Spearman ×80 · Archer ×61 · Eagle Scout ×32 · Skirmisher ×15 · Mangonel ×7 · Militia ×4
Mapa de la partida
Recursos iniciales + cada clic de construcción. Líneas = muros · curvas = relieve. ◆ oro · ⬟ piedra · ● bayas · ✦ reliquia · ◌ hueco del cierre
Tu base· Abierta — hueco de 6t
Base de Walmart· Abierta — hueco de 6t
Terreno inicial suavizado · ◌ = hueco del cierre detectado · pasá el cursor para detalles
Inputs por minuto
— YAYA - - Walmart
Build order — YAYA
Primeras 150 de 344 acciones detectadas
| 0:01 | Crear | Villager (Male) ×4 |
| 0:02 | Construir | House |
| 0:04 | Construir | House |
| 1:33 | Crear | Villager (Male) |
| 1:34 | Crear | Villager (Male) |
| 1:56 | Crear | Villager (Male) |
| 2:05 | Construir | House |
| 2:22 | Crear | Villager (Male) |
| 2:22 | Crear | Villager (Male) |
| 2:52 | Crear | Villager (Male) |
| 3:10 | Investigar | Loom |
| 3:21 | Crear | Villager (Male) |
| 3:21 | Crear | Villager (Male) |
| 3:30 | Construir | Lumber Camp |
| 3:38 | Crear | Villager (Male) |
| 3:38 | Crear | Villager (Male) |
| 4:09 | Crear | Villager (Male) |
| 4:10 | Crear | Villager (Male) |
| 4:56 | Crear | Villager (Male) |
| 4:56 | Crear | Villager (Male) |
| 5:13 | Crear | Villager (Male) |
| 5:13 | Crear | Villager (Male) |
| 6:08 | Crear | Villager (Male) |
| 6:08 | Crear | Villager (Male) |
| 6:15 | Construir | Mill |
| 6:34 | Construir | Palisade Wall |
| 7:09 | Crear | Villager (Male) |
| 7:09 | Crear | Villager (Male) |
| 7:14 | Construir | House |
| 8:17 | Construir | Mill |
| 8:19 | Crear | Villager (Male) |
| 8:21 | Crear | Villager (Male) |
| 8:21 | Crear | Villager (Male) |
| 9:24 | Investigar | Feudal Age |
| 9:24 | Investigar | Feudal Age |
| 9:52 | Construir | Mining Camp |
| 9:57 | Construir | Farm |
| 9:58 | Construir | Farm |
| 10:10 | Construir | House |
| 10:18 | Construir | Farm |
| 10:25 | Construir | Palisade Wall |
| 10:41 | Construir | House |
| 10:49 | Construir | Palisade Wall |
| 11:04 | Construir | Palisade Wall |
| 11:22 | Crear | Villager (Male) |
| 11:44 | Edad | Edad Feudal |
| 12:00 | Construir | Market |
| 12:11 | Crear | Villager (Male) |
| 12:12 | Construir | Farm |
| 12:38 | Construir | Watch Tower |
| 12:46 | Construir | Farm |
| 12:48 | Crear | Villager (Male) |
| 13:27 | Construir | Blacksmith |
| 13:34 | Crear | Villager (Male) |
| 13:51 | Investigar | Fletching |
| 13:57 | Crear | Villager (Male) |
| 14:27 | Crear | Villager (Male) |
| 15:20 | Construir | Farm |
| 15:23 | Construir | Farm |
| 15:31 | Construir | Farm |
| 15:57 | Investigar | Castle Age |
| 15:57 | Investigar | Castle Age |
| 16:39 | Construir | Barracks |
| 16:46 | Construir | Palisade Wall |
| 17:30 | Construir | Stable |
| 17:53 | Investigar | Scale Barding Armor |
| 18:30 | Construir | House |
| 18:32 | Crear | Villager (Male) |
| 18:37 | Edad | Edad de los Castillos |
| 18:39 | Crear | Knight |
| 18:39 | Crear | Knight |
| 18:46 | Construir | House |
| 19:09 | Construir | Farm |
| 19:11 | Construir | Farm |
| 19:19 | Construir | House |
| 19:26 | Crear | Knight |
| 19:31 | Crear | Villager (Male) |
| 19:32 | Crear | Villager (Male) |
| 20:15 | Crear | Villager (Male) |
| 20:43 | Construir | Farm |
| 20:44 | Crear | Villager (Male) |
| 21:06 | Construir | Town Center |
| 21:17 | Crear | Villager (Male) |
| 21:34 | Crear | Villager (Male) |
| 21:41 | Construir | Monastery |
| 21:51 | Crear | Villager (Male) |
| 22:08 | Crear | Missionary |
| 22:11 | Construir | Farm |
| 22:27 | Investigar | Bloodlines |
| 22:27 | Investigar | Bloodlines |
| 22:27 | Investigar | Bloodlines |
| 22:32 | Construir | Farm |
| 22:36 | Construir | Farm |
| 22:52 | Crear | Villager (Male) |
| 23:04 | Crear | Missionary |
| 23:06 | Crear | Villager (Male) |
| 23:26 | Crear | Villager (Male) |
| 23:38 | Crear | Villager (Male) |
| 23:47 | Construir | Siege Workshop |
| 23:52 | Crear | Knight |
| 23:54 | Construir | Farm |
| 24:09 | Crear | Villager (Male) |
| 24:13 | Construir | House |
| 24:32 | Construir | House |
| 24:39 | Crear | Villager (Male) |
| 24:40 | Crear | Villager (Male) |
| 24:41 | Crear | Battering Ram |
| 24:41 | Crear | Battering Ram |
| 25:16 | Crear | Mangonel |
| 25:36 | Crear | Villager (Male) |
| 26:05 | Crear | Villager (Male) |
| 26:19 | Crear | Knight |
| 26:31 | Crear | Villager (Male) |
| 26:52 | Crear | Mangonel |
| 26:54 | Construir | Farm |
| 27:04 | Construir | Town Center |
| 27:15 | Investigar | Husbandry |
| 27:46 | Crear | Scorpion |
| 27:51 | Crear | Villager (Male) |
| 27:52 | Crear | Villager (Male) |
| 27:56 | Investigar | Gold Mining |
| 28:02 | Construir | Farm |
| 28:02 | Construir | Farm |
| 28:03 | Construir | Farm |
| 28:27 | Crear | Villager (Male) |
| 28:30 | Investigar | Double-Bit Axe |
| 28:46 | Crear | Knight |
| 28:54 | Crear | Mangonel |
| 29:01 | Construir | Farm |
| 29:04 | Crear | Villager (Male) |
| 29:06 | Construir | Farm |
| 29:07 | Construir | Farm |
| 29:15 | Crear | Villager (Male) |
| 29:24 | Construir | Farm |
| 29:39 | Construir | Farm |
| 29:50 | Construir | House |
| 30:40 | Crear | Knight |
| 30:41 | Crear | Knight |
| 30:49 | Construir | Farm |
| 30:52 | Crear | Mangonel |
| 30:57 | Construir | House |
| 30:59 | Crear | Villager (Male) |
| 31:09 | Investigar | Chain Barding Armor |
| 31:15 | Construir | Stable |
| 31:21 | Crear | Villager (Male) |
| 31:34 | Investigar | Forging |
| 31:35 | Crear | Villager (Male) |
| 31:49 | Construir | Farm |
| 31:50 | Construir | Farm |
| 31:53 | Construir | House |
Build order — Walmart
Primeras 150 de 548 acciones detectadas
| 0:01 | Investigar | Loom |
| 0:02 | Construir | House |
| 0:03 | Construir | House |
| 0:16 | Crear | Villager (Male) |
| 0:17 | Crear | Villager (Male) |
| 0:17 | Crear | Villager (Male) |
| 0:17 | Crear | Villager (Male) |
| 1:34 | Crear | Villager (Male) |
| 1:34 | Crear | Villager (Male) |
| 2:02 | Crear | Villager (Male) |
| 2:03 | Crear | Villager (Male) |
| 2:10 | Construir | House |
| 2:34 | Construir | House |
| 2:55 | Crear | Villager (Male) |
| 2:55 | Crear | Villager (Male) |
| 2:55 | Crear | Villager (Male) |
| 3:08 | Crear | Villager (Male) |
| 3:09 | Crear | Villager (Male) |
| 3:09 | Crear | Villager (Male) |
| 3:41 | Construir | Lumber Camp |
| 3:51 | Crear | Villager (Male) |
| 3:52 | Crear | Villager (Male) |
| 4:12 | Crear | Villager (Male) |
| 4:12 | Crear | Villager (Male) |
| 5:00 | Crear | Villager (Male) |
| 5:01 | Crear | Villager (Male) |
| 5:55 | Crear | Villager (Male) |
| 5:56 | Crear | Villager (Male) |
| 6:21 | Crear | Villager (Male) |
| 6:47 | Construir | House |
| 6:52 | Crear | Villager (Male) |
| 7:23 | Crear | Villager (Male) |
| 7:40 | Construir | Barracks |
| 8:00 | Crear | Villager (Male) |
| 8:13 | Construir | House |
| 8:32 | Investigar | Feudal Age |
| 8:33 | Investigar | Feudal Age |
| 8:47 | Crear | Militia |
| 8:47 | Crear | Militia |
| 9:06 | Construir | Mining Camp |
| 9:41 | Crear | Militia |
| 9:44 | Construir | House |
| 10:16 | Construir | House |
| 10:23 | Construir | Mill |
| 10:42 | Edad | Edad Feudal |
| 10:47 | Investigar | Man-at-Arms (upgrade) |
| 10:47 | Investigar | Man-at-Arms (upgrade) |
| 10:49 | Construir | Archery Range |
| 11:01 | Crear | Villager (Male) |
| 11:10 | Crear | Villager (Male) |
| 11:21 | Construir | Mill |
| 11:26 | Construir | Watch Tower |
| 11:36 | Construir | Watch Tower |
| 11:41 | Crear | Villager (Male) |
| 11:45 | Crear | Archer |
| 11:45 | Crear | Archer |
| 11:55 | Construir | Watch Tower |
| 12:01 | Crear | Archer |
| 12:05 | Crear | Villager (Male) |
| 12:28 | Crear | Archer |
| 12:41 | Crear | Villager (Male) |
| 12:51 | Crear | Archer |
| 13:06 | Crear | Villager (Male) |
| 13:20 | Crear | Villager (Male) |
| 13:28 | Construir | Archery Range |
| 13:39 | Crear | Archer |
| 13:41 | Crear | Villager (Male) |
| 13:43 | Construir | Farm |
| 13:51 | Investigar | Double-Bit Axe |
| 13:51 | Investigar | Double-Bit Axe |
| 14:08 | Crear | Villager (Male) |
| 14:09 | Crear | Villager (Male) |
| 14:12 | Construir | Farm |
| 14:15 | Crear | Archer |
| 14:15 | Crear | Archer |
| 14:33 | Crear | Villager (Male) |
| 14:52 | Construir | House |
| 15:04 | Construir | House |
| 15:15 | Crear | Villager (Male) |
| 15:16 | Crear | Villager (Male) |
| 15:18 | Construir | House |
| 15:26 | Crear | Archer |
| 15:26 | Crear | Archer |
| 15:47 | Crear | Villager (Male) |
| 15:55 | Crear | Archer |
| 15:56 | Crear | Archer |
| 16:03 | Crear | Villager (Male) |
| 16:04 | Construir | Farm |
| 16:06 | Construir | Farm |
| 16:14 | Construir | House |
| 16:20 | Crear | Archer |
| 16:20 | Crear | Archer |
| 16:24 | Construir | Farm |
| 16:27 | Construir | Farm |
| 16:27 | Crear | Villager (Male) |
| 16:59 | Construir | Blacksmith |
| 17:11 | Construir | House |
| 17:12 | Crear | Archer |
| 17:12 | Crear | Archer |
| 17:44 | Investigar | Wheelbarrow |
| 17:49 | Investigar | Fletching |
| 18:39 | Crear | Villager (Male) |
| 18:44 | Construir | Market |
| 18:47 | Crear | Archer |
| 18:48 | Crear | Archer |
| 19:13 | Crear | Villager (Male) |
| 19:15 | Construir | House |
| 19:34 | Crear | Spearman |
| 20:43 | Investigar | Castle Age |
| 20:43 | Investigar | Castle Age |
| 21:03 | Crear | Spearman |
| 21:03 | Crear | Spearman |
| 21:32 | Crear | Archer |
| 21:32 | Crear | Archer |
| 21:41 | Construir | House |
| 21:48 | Construir | Lumber Camp |
| 21:51 | Crear | Archer |
| 21:51 | Crear | Archer |
| 21:54 | Construir | Archery Range |
| 21:59 | Crear | Spearman |
| 21:59 | Crear | Skirmisher |
| 22:00 | Crear | Archer |
| 22:06 | Construir | Palisade Wall |
| 22:13 | Construir | Palisade Wall |
| 22:19 | Construir | Palisade Wall |
| 22:20 | Construir | Palisade Wall |
| 22:31 | Construir | Palisade Wall |
| 22:34 | Construir | Palisade Wall |
| 22:37 | Crear | Archer |
| 22:38 | Crear | Archer |
| 23:01 | Crear | Archer |
| 23:01 | Crear | Archer |
| 23:17 | Construir | Farm |
| 23:23 | Edad | Edad de los Castillos |
| 23:23 | Investigar | Gold Mining |
| 23:24 | Investigar | Gold Mining |
| 23:29 | Construir | Siege Workshop |
| 23:32 | Investigar | Crossbowman (upgrade) |
| 23:39 | Crear | Archer |
| 23:39 | Crear | Archer |
| 23:45 | Construir | Farm |
| 23:45 | Crear | Villager (Male) |
| 23:49 | Construir | Farm |
| 23:53 | Crear | Archer |
| 23:54 | Crear | Archer |
| 24:05 | Crear | Archer |
| 24:05 | Crear | Archer |
| 24:15 | Crear | Mangonel |
| 24:19 | Construir | House |
| 24:21 | Crear | Villager (Male) |
Cronología de la partida
| 6:34 | YAYA · wall_segment Palisade Wall x8 |
| 7:40 | Walmart · first_building Barracks |
| 10:25 | YAYA · wall_segment Palisade Wall x3 |
| 10:42 | Walmart · age_up feudal |
| 10:49 | Walmart · first_building Archery Range |
| 10:49 | YAYA · wall_segment Palisade Wall x1 |
| 11:04 | YAYA · wall_segment Palisade Wall x1 |
| 11:44 | YAYA · age_up feudal |
| 16:39 | YAYA · first_building Barracks |
| 16:46 | YAYA · wall_segment Palisade Wall x1 |
| 17:30 | YAYA · first_building Stable |
| 18:37 | YAYA · age_up castle |
| 20:12 | Walmart · first_market_buy 100 stone |
| 20:16 | Walmart · first_market_sell 100 stone |
| 20:50 | YAYA · first_market_buy 100 stone |
| 21:41 | YAYA · first_building Monastery |
| 22:06 | Walmart · wall_segment Palisade Wall x8 |
| 22:13 | Walmart · wall_segment Palisade Wall x8 |
| 22:19 | Walmart · wall_segment Palisade Wall x6 |
| 22:20 | Walmart · wall_segment Palisade Wall x4 |
| 22:31 | Walmart · wall_segment Palisade Wall x4 |
| 22:34 | Walmart · wall_segment Palisade Wall x5 |
| 23:23 | Walmart · age_up castle |
| 23:29 | Walmart · first_building Siege Workshop |
| 23:47 | YAYA · first_building Siege Workshop |
| 28:05 | Walmart · wall_segment Palisade Wall x7 |
| 37:16 | Walmart · first_building Castle |
| 43:38 | Walmart · first_building Monastery |
| 43:47 | YAYA · age_up imperial |
| 43:49 | YAYA · first_building Castle |
| 50:42 | YAYA · first_market_sell 100 food |
| 51:35 | Walmart · age_up imperial |
| 55:00 | Walmart · resign |
[ ANÁLISIS IA · 1 CRÉDITO ]
¿Qué pasó realmente en esta partida?
Wolo.gg analiza cada decisión: build order, eco, micro, errores típicos por bracket. Análisis personalizado por WhatsApp o Discord en 30 segundos.
Guía civ
Españoles
Perfil
Jugador #11964270